 Dungeon Crawl Stone Soup version 0.26-a0-466-g989023bd0d (webtiles) character file.

Game seed: 16389104480080956511

93 1player the Digger (level 4, 0/24 HPs)
             Began as a Gargoyle Earth Elementalist on Aug 10, 2020.
             Slain by Terence
             ... wielding a +0 trident
              (4 damage)
             ... on level 2 of the Dungeon.
             The game lasted 00:07:37 (1951 turns).

1player the Digger (Gargoyle Earth Elementalist)    Turns: 1951, Time: 00:07:38

Health: 0/24       AC: 13    Str: 12    XL:     4   Next: 61%
Magic:  3/7        EV: 11    Int: 16    God:
Gold:   36         SH:  4    Dex: 10    Spells: 6/7 levels left

rFire    . . .     SeeInvis .   d - +2 dagger (protect)
rCold    . . .     Faith    .   h - +0 buckler
rNeg     + . .     Spirit   .   c - +0 robe
rPois    ∞         Reflect  .   (no helmet)
rElec    +         Harm     .   (no cloak)
rCorr    .                      (no gloves)
MR       .....                  j - +0 pair of boots
Stlth    ++........             (no amulet)
HPRegen  0.08/turn              (no ring)
MPRegen  0.10/turn              (no ring)

@: protection aura
A: negative energy resistance 1, electricity resistance, unbreathing,
petrification resistance, rot immunity, AC +3
a: no special abilities


You were on level 2 of the Dungeon.
You visited 1 branch of the dungeon, and saw 2 of its levels.

You collected 36 gold pieces.

Inventory:

Hand Weapons
 d - a +2 dagger of protection (weapon)
Missiles
 b - 25 stones (quivered)
Armour
 c - a +0 robe (worn)
 h - a +0 buckler (worn)
 j - a +0 pair of boots (worn)
Jewellery
 g - a +6 ring of intelligence {unknown}
Scrolls
 f - a scroll of identify {unknown}
 k - a scroll of blinking {unknown}
 m - a scroll of enchant weapon {unknown}
Potions
 e - 2 potions of heal wounds {unknown}
 i - a potion of curing {unknown}
 l - 2 potions of flight {unknown}


   Skills:
 - Level 1.5 Dodging
 - Level 2.1 Stealth
 * Level 3.1 Shields
 - Level 2.0 Spellcasting
   Level 0.7 Transmutations
 + Level 5.1 Earth Magic


You had 6 spell levels left.
You knew the following spells:

 Your Spells              Type           Power        Failure   Level
q - Sandblast             Erth           ###...       2%          1

Your spell library contained the following spells:

 Spells                   Type           Power        Failure   Level
 Passwall                 Tmut/Erth      ##......     11%         2
 Stone Arrow              Conj/Erth      #.....       24%         3
 Petrify                  Tmut/Erth      ##......     56%         4
 Lee's Rapid Deconstruct  Erth           ###.......   61%         5


Dungeon Overview and Level Annotations

Branches:
Dungeon (2/15)

Altars:

Annotations:
D:2 Terence


Innate Abilities, Weirdness & Mutations

You are resistant to torment.
Your stone body is resilient. (AC +3)
You are immune to poison.
You resist negative energy. (rN+)
You are resistant to electric shocks. (rElec)
You can survive without breathing.
You are immune to petrification.
You are immune to rotting.


Message History

The jackal is lightly wounded.
Terence hits you from afar with a +0 trident.
* * * LOW HITPOINT WARNING * * *
The jackal barely misses you.
You barely miss the jackal.
The jackal is lightly wounded.
The jackal bites you but does no damage.
Terence barely misses you. The jackal closely misses you.
The gnoll shouts!
You hit the jackal.
The jackal is severely wounded.
You hear a shout!
Terence hits you but does no damage. The jackal barely misses you.
You barely miss the jackal.
The jackal is severely wounded.
The jackal bites you.
* * * LOW HITPOINT WARNING * * *
Terence asks, "Do you want it fast or slow?"
Terence hits you from afar with a +0 trident.
You die...

..>...........
...#......h...#
.........@....#
...g..........#
............
......... #..##..##
# #@###..## ..# #.
#..@h...##..... #@
######.....?...
#.#.# #.#.......
#.#.#######.##......
#.#.##......# #....>
#.#.#..###### .....
#.#...## .... .#
#....## ...
....######...# ...


You could see Terence, a gnoll and a jackal.

Vanquished Creatures
  5 adders (D:2)
  A dart slug (D:1)
  2 leopard geckos
  A ball python (D:1)
  3 bats (D:2)
  3 giant cockroaches
  10 goblins
  5 hobgoblins (D:1)
  10 kobolds
  2 frilled lizards
42 creatures vanquished.

Notes
Turn   | Place    | Note
-------+----------+-------------------------------------------
     0 | D:1      | 1player the Gargoyle Earth Elementalist began the quest for
                  | the Orb.
     0 | D:1      | Reached XP level 1. HP: 10/10 MP: 3/3
   201 | D:1      | Reached skill level 4 in Earth Magic
   296 | D:1      | Reached XP level 2. HP: 15/15 MP: 1/5
   776 | D:1      | Reached skill level 1 in Shields
   872 | D:1      | Reached XP level 3. HP: 16/19 MP: 6/6
  1500 | D:2      | Reached XP level 4. HP: 24/24 MP: 4/7
  1669 | D:2      | Reached skill level 5 in Earth Magic
  1871 | D:2      | Noticed Terence
  1951 | D:2      | Slain by Terence

Illustrated notes

Levels and vault maps discovered:
D:1:      psy_arrival_fountain, layout_basic
D:2:      layout_rooms, uniq_terence

Skill      XL: |  1  2  3  4 |
---------------+-------------+-----
Earth Magic    | 4 5 |  5.1
Shields        | 1 2 3 |  3.1
Dodging        | |  1.5
Stealth        | |  2.1
Spellcasting   | |  2.0
Transmutations | |  0.7

Action                   |  1- 3 |  4- 6 || total
-------------------------+-------+-------++-------
Melee: Dagger            |    69 |    23 ||    92
 Cast: Sandblast         |    21 |    15 ||    36
 Stab: Distracted        |     1 |       ||     1
       Sleeping          |     1 |       ||     1
Armor: Robe              |    24 |    14 ||    38
Dodge: Dodged            |    33 |    27 ||    60
Block: Buckler           |     5 |     9 ||    14

Table legend: (Time is in decaauts)
 A = Elapsed time spent in this place.
 B = Non-inter-level travel time spent in this place.
 C = Inter-level travel time spent in this place.
 D = Time resting spent in this place.
 E = Time spent auto-exploring this place.
 F = Levels seen in this place.
 G = Mean time per level.
                   A        B        C        D        E       F      G
               +--------+--------+--------+--------+--------+-----+--------+
         Total |   1952 |   1903 |     49 |    551 |    475 |   2 |  976.0 |
       Dungeon |   1952 |   1903 |     49 |    551 |    475 |   2 |  976.0 |
               +--------+--------+--------+--------+--------+-----+--------+

Top non-repeatable levels by time:
     D:1: 1370 daAuts
     D:2: 582 daAuts
